General information
- name: BNet
- type: Ladder team game (AT/RT)
- host: Battle.net
- saver: 418
map: Cherryville
- players: 8
- length: 904:07
- speed: Fast
- version: 1.24 W3XP
- replay type: Public
» download(1542 KB)
Players
team 1 (winner)

»
Shadow_HunterWR (
red | 2 APM | 2157 actions | 904:05)
7 Priestess of the Moon
3 Scout
3 Trueshot Aura
1 Starfall
» actions
| Assign group hotkey | 77 | |
| Build / train | 65 | |
| Enter build submenu | 20 | |
| Enter hero's abilities submenu | 7 | |
| Right click | 1354 | |
| Select / deselect | 443 | |
| Select group hotkey | 148 | |
| Use ability | 43 | |
2157 total
» units
| Wisp | 12 | |
| Huntress | 6 | |
| Archer | 12 | |
| Hippogryph | 9 | |
| Glaive Thrower | 2 | |
41 total
» upgrades
| Strength of the Moon | 2 | |
| Hippogryph Taming | 1 | |
| Moon Armor | 2 | |
| Strength of the Wild | 2 | |
| Improved Bows | 1 | |
| Vorpal Blades | 1 | |
9 total
» buildings
| Altar of Elders | 1 | |
| Moon Well | 6 | |
| Hunter's Hall | 1 | |
| Ancient of War | 2 | |
| Ancient of Wonders | 1 | |
| Tree of Ages | 1 | |
| Ancient of Wind | 3 | |
| Tree of Eternity | 1 | |
| Tree of Life | 3 | |
19 total
» build order
00:07 Altar of Elders
00:11 Moon Well
01:21 Hunter's Hall
01:39 Moon Well
02:13 Ancient of War
02:41 Ancient of War
03:21 Moon Well
04:18 Ancient of Wonders
05:21 Tree of Ages
07:54 Ancient of Wind
07:58 Ancient of Wind
09:45 Moon Well
13:49 Ancient of Wind
14:50 Moon Well
20:21 Tree of Eternity
22:18 Moon Well
23:31 Tree of Life
28:16 Tree of Life
30:09 Tree of Life
» items
| Scroll of Town Portal | 3 | |
| Potion of Healing | 1 | |
| Anti-magic Potion | 1 | |
5 total
Dinaz (
blue | 51 APM | 3317 actions | 64:59)
6 Death Knight
3 Death Coil
3 Unholy Aura
5 Lich
3 Frost Nova
2 Dark Ritual
» actions
| Assign group hotkey | 21 | |
| Basic commands | 570 | |
| Build / train | 85 | |
| Enter build submenu | 32 | |
| Enter hero's abilities submenu | 11 | |
| Give item / drop item | 8 | |
| Right click | 860 | |
| Select / deselect | 593 | |
| Select group hotkey | 1036 | |
| Use ability | 101 | |
3317 total
» units
| Acolyte | 20 | |
| Ghoul | 3 | |
| Crypt Fiend | 7 | |
| Obsidian Statue | 4 | |
| Gargoyle | 4 | |
| Frost Wyrm | 2 | |
40 total
» upgrades
| Creature Attack | 3 | |
| Creature Carapace | 3 | |
| Web | 1 | |
| Unholy Strength | 1 | |
| Destroyer Form | 1 | |
9 total
» buildings
| Crypt | 3 | |
| Graveyard | 1 | |
| Altar of Darkness | 1 | |
| Ziggurat | 11 | |
| Tomb of Relics | 1 | |
| Nerubian Tower | 2 | |
| Halls of the Dead | 4 | |
| Black Citadel | 3 | |
| Spirit Tower | 4 | |
| Slaughterhouse | 1 | |
| Sacrificial Pit | 1 | |
| Boneyard | 2 | |
| Necropolis | 2 | |
36 total
» build order
00:07 Crypt
00:12 Graveyard
01:07 Altar of Darkness
01:11 Ziggurat
01:36 Tomb of Relics
02:08 Ziggurat
03:11 Nerubian Tower
03:11 Nerubian Tower
03:46 Halls of the Dead
03:46 Halls of the Dead
04:29 Ziggurat
04:56 Ziggurat
06:51 Ziggurat
07:13 Black Citadel
07:46 Spirit Tower
07:46 Spirit Tower
08:14 Slaughterhouse
08:39 Sacrificial Pit
08:44 Crypt
09:49 Boneyard
11:18 Ziggurat
11:22 Ziggurat
14:52 Necropolis
16:40 Halls of the Dead
17:04 Spirit Tower
19:45 Necropolis
21:26 Black Citadel
21:26 Black Citadel
21:55 Ziggurat
22:49 Spirit Tower
23:51 Boneyard
25:13 Crypt
27:48 Ziggurat
27:51 Ziggurat
27:55 Ziggurat
» items
| Rod of Necromancy | 1 | |
| Dust of Appearance | 1 | |
| Scroll of Town Portal | 1 | |
| Potion of Lesser Invulnerability | 1 | |
| Scroll of Healing | 1 | |
| Orb of Corruption | 1 | |
6 total
418 (
teal | 4 APM | 3749 actions | 904:06)
11 Goblin Tinker
3 Pocket Factory
3 Engineering Upgrade
2 Robo-Goblin
3 Cluster Rockets
» actions
| Assign group hotkey | 16 | |
| Basic commands | 185 | |
| Build / train | 136 | |
| Enter build submenu | 30 | |
| Enter hero's abilities submenu | 14 | |
| Give item / drop item | 19 | |
| Remove unit from queue | 1 | |
| Right click | 2028 | |
| Select / deselect | 932 | |
| Select group hotkey | 260 | |
| Use ability | 128 | |
3749 total
» units
| Acolyte | 19 | |
| Ghoul | 29 | |
| Obsidian Statue | 2 | |
| Necromancer | 1 | |
| Banshee | 1 | |
| Frost Wyrm | 8 | |
| Gargoyle | 1 | |
| Meatwagon | 2 | |
63 total
» upgrades
| Ghoul Frenzy | 1 | |
| Necromancer Training | 2 | |
| Banshee Training | 2 | |
| Skeletal Longevity | 1 | |
| Skeletal Mastery | 1 | |
| Creature Attack | 3 | |
| Creature Carapace | 3 | |
| Cannibalize | 1 | |
| Freezing Breath | 1 | |
| Unholy Strength | 3 | |
| Unholy Armor | 3 | |
| Burrow | 1 | |
| Web | 1 | |
| Stone Form | 1 | |
| Backpack | 1 | |
| Exhume Corpses | 1 | |
| Disease Cloud | 1 | |
| Destroyer Form | 2 | |
29 total
» buildings
| Crypt | 1 | |
| Ziggurat | 11 | |
| Altar of Darkness | 1 | |
| Tomb of Relics | 1 | |
| Graveyard | 1 | |
| Halls of the Dead | 1 | |
| Black Citadel | 1 | |
| Spirit Tower | 5 | |
| Slaughterhouse | 1 | |
| Temple of the Damned | 1 | |
| Sacrificial Pit | 1 | |
| Boneyard | 2 | |
| Nerubian Tower | 2 | |
29 total
» build order
01:55 Crypt
01:57 Ziggurat
02:28 Altar of Darkness
03:29 Tomb of Relics
03:42 Ziggurat
05:39 Graveyard
05:54 Halls of the Dead
06:18 Ziggurat
07:40 Ziggurat
08:16 Black Citadel
08:57 Spirit Tower
09:56 Slaughterhouse
09:57 Temple of the Damned
13:57 Sacrificial Pit
14:25 Ziggurat
14:26 Ziggurat
14:28 Ziggurat
14:50 Boneyard
14:51 Boneyard
15:20 Spirit Tower
15:20 Spirit Tower
15:21 Spirit Tower
20:29 Ziggurat
20:30 Ziggurat
21:26 Nerubian Tower
21:26 Nerubian Tower
119:39 Ziggurat
119:41 Ziggurat
126:53 Spirit Tower
» items
| Rod of Necromancy | 1 | |
| Staff of Teleportation | 1 | |
| Boots of Speed | 1 | |
| Circlet of Nobility | 2 | |
| Orb of Corruption | 1 | |
| Potion of Healing | 1 | |
| Potion of Invisibility | 1 | |
| Potion of Lesser Invulnerability | 2 | |
| Tome of Retraining | 1 | |
11 total
MegaTbag (
green | 15 APM | 1362 actions | 89:01)
7 Archmage
2 Blizzard
2 Brilliance Aura
2 Summon Water Elemental
1 Mass Teleport
6 Blood Mage
3 Flame Strike
2 Siphon Mana
1 Summon Phoenix
» actions
| Basic commands | 193 | |
| Build / train | 107 | |
| ESC pressed | 2 | |
| Enter build submenu | 33 | |
| Enter hero's abilities submenu | 14 | |
| Remove unit from queue | 4 | |
| Right click | 386 | |
| Select / deselect | 480 | |
| Use ability | 143 | |
1362 total
» units
| Peasant | 14 | |
| Footman | 2 | |
| Rifleman | 20 | |
| Mortar Team | 15 | |
| Dragonhawk Rider | 6 | |
| Gryphon Rider | 1 | |
| Siege Engine | 1 | |
59 total
» upgrades
| Masonry | 1 | |
| Gunpowder | 3 | |
| Armor | 2 | |
| Long Rifles | 1 | |
| Flare | 1 | |
| Fragmentation Shards | 1 | |
| Cloud | 1 | |
10 total
» buildings
| Altar of Kings | 1 | |
| Farm | 12 | |
| Barracks | 1 | |
| Blacksmith | 1 | |
| Scout Tower | 7 | |
| Lumber Mill | 1 | |
| Arcane Tower | 3 | |
| Keep | 3 | |
| Arcane Vault | 1 | |
| Guard Tower | 1 | |
| Workshop | 1 | |
| Castle | 3 | |
| Town Hall | 1 | |
| Gryphon Aviary | 1 | |
37 total
» build order
00:28 Altar of Kings
00:32 Farm
01:12 Barracks
01:14 Farm
01:53 Blacksmith
02:15 Farm
03:11 Scout Tower
03:22 Scout Tower
03:26 Lumber Mill
03:41 Arcane Tower
04:31 Scout Tower
04:54 Keep
04:55 Keep
04:58 Farm
05:52 Farm
05:54 Arcane Tower
06:13 Arcane Vault
06:24 Scout Tower
06:34 Scout Tower
07:03 Farm
07:04 Farm
07:06 Guard Tower
07:27 Workshop
09:32 Farm
10:21 Castle
14:44 Town Hall
16:09 Castle
16:12 Scout Tower
17:16 Castle
17:20 Arcane Tower
18:10 Gryphon Aviary
19:32 Farm
20:42 Farm
21:51 Farm
21:59 Scout Tower
22:49 Farm
» items
| Scroll of Regeneration | 1 | |
| Scroll of Town Portal | 3 | |
| Potion of Healing | 3 | |
| Lesser Clarity Potion | 1 | |
8 total
team 2 (loser)
DiAbLo-JoiNt (
yellow | 9 APM | 7805 actions | 904:05)
8 Blood Mage
3 Flame Strike
3 Siphon Mana
1 Summon Phoenix
1 Banish
2 Priestess of the Moon
1 Searing Arrows
1 Trueshot Aura
» actions
| Assign group hotkey | 109 | |
| Basic commands | 130 | |
| Build / train | 382 | |
| ESC pressed | 4 | |
| Enter build submenu | 111 | |
| Enter hero's abilities submenu | 10 | |
| Give item / drop item | 10 | |
| Right click | 3164 | |
| Select / deselect | 1696 | |
| Select group hotkey | 1622 | |
| Use ability | 567 | |
7805 total
» units
| Peasant | 54 | |
| Goblin Shredder | 17 | |
| Sorceress | 3 | |
| Priest | 1 | |
| Wisp | 11 | |
| Chimaera | 3 | |
| Hippogryph | 5 | |
| Druid of the Claw | 2 | |
| Dryad | 5 | |
| Gryphon Rider | 9 | |
| Flying Machine | 17 | |
| Mortar Team | 4 | |
| Goblin Sapper | 5 | |
| Goblin Zeppelin | 4 | |
140 total
» upgrades
| Masonry | 3 | |
| Sorceress Training | 2 | |
| Magic Sentry | 1 | |
| Druid of the Claw Training | 2 | |
| Gunpowder | 3 | |
| Plating | 3 | |
| Swords | 3 | |
| Armor | 3 | |
| Strength of the Wild | 2 | |
| Flak Cannons | 1 | |
| Storm Hammers | 1 | |
| Reinforced Hides | 1 | |
| Flying Machine Bombs | 1 | |
| Priest Training | 2 | |
| Lumber Harvesting | 2 | |
| Cloud | 1 | |
| Control Magic | 1 | |
| Fragmentation Shards | 1 | |
| Flare | 1 | |
| Barrage | 1 | |
| Defend | 1 | |
| Long Rifles | 1 | |
| Animal War Training | 1 | |
| Backpack | 1 | |
39 total
» buildings
| Altar of Kings | 3 | |
| Farm | 13 | |
| Lumber Mill | 8 | |
| Scout Tower | 136 | |
| Guard Tower | 25 | |
| Keep | 5 | |
| Town Hall | 8 | |
| Arcane Vault | 13 | |
| Arcane Sanctum | 2 | |
| Blacksmith | 1 | |
| Moon Well | 3 | |
| Chimaera Roost | 1 | |
| Ancient of Wind | 4 | |
| Ancient of Lore | 3 | |
| Castle | 4 | |
| Gryphon Aviary | 3 | |
| Workshop | 4 | |
| Barracks | 1 | |
237 total
» build order
02:27 Altar of Kings
02:37 Farm
03:19 Farm
03:40 Farm
03:50 Lumber Mill
06:15 Scout Tower
06:15 Scout Tower
06:28 Scout Tower
06:51 Guard Tower
07:04 Keep
07:06 Guard Tower
08:04 Scout Tower
08:04 Scout Tower
08:08 Town Hall
08:10 Scout Tower
08:11 Scout Tower
08:12 Scout Tower
08:12 Scout Tower
08:13 Scout Tower
08:14 Scout Tower
08:15 Scout Tower
08:16 Scout Tower
08:17 Scout Tower
08:19 Scout Tower
08:22 Scout Tower
08:45 Guard Tower
08:48 Scout Tower
08:48 Scout Tower
08:51 Arcane Vault
08:59 Guard Tower
09:19 Guard Tower
09:55 Guard Tower
09:55 Guard Tower
09:57 Scout Tower
09:58 Scout Tower
09:59 Scout Tower
09:59 Scout Tower
10:00 Scout Tower
10:16 Arcane Sanctum
10:18 Arcane Sanctum
11:02 Guard Tower
11:49 Scout Tower
11:50 Scout Tower
11:51 Scout Tower
11:52 Scout Tower
11:53 Scout Tower
12:36 Arcane Vault
12:39 Scout Tower
12:40 Scout Tower
12:42 Scout Tower
12:44 Scout Tower
12:45 Scout Tower
12:46 Scout Tower
12:47 Scout Tower
12:57 Guard Tower
13:01 Blacksmith
13:09 Moon Well
13:10 Moon Well
13:53 Chimaera Roost
14:07 Guard Tower
14:19 Ancient of Wind
14:25 Ancient of Lore
14:26 Ancient of Lore
14:27 Ancient of Lore
15:37 Scout Tower
15:38 Scout Tower
15:39 Scout Tower
15:40 Scout Tower
15:41 Scout Tower
15:42 Scout Tower
15:42 Scout Tower
16:23 Castle
16:54 Ancient of Wind
16:56 Ancient of Wind
16:57 Ancient of Wind
17:01 Guard Tower
17:46 Town Hall
18:39 Guard Tower
18:45 Guard Tower
18:47 Gryphon Aviary
18:47 Gryphon Aviary
18:49 Gryphon Aviary
20:10 Farm
20:11 Farm
20:12 Farm
20:14 Farm
20:16 Farm
20:45 Moon Well
21:11 Workshop
21:14 Workshop
21:38 Workshop
23:28 Farm
24:16 Farm
26:24 Town Hall
27:53 Town Hall
27:56 Farm
36:19 Town Hall
40:41 Town Hall
41:55 Town Hall
45:26 Town Hall
46:12 Workshop
46:41 Farm
53:13 Arcane Vault
53:55 Barracks
55:12 Keep
55:14 Keep
56:00 Arcane Vault
56:31 Arcane Vault
57:30 Arcane Vault
57:35 Keep
59:26 Lumber Mill
59:40 Lumber Mill
59:46 Lumber Mill
59:53 Lumber Mill
60:10 Lumber Mill
60:15 Lumber Mill
60:31 Altar of Kings
62:10 Castle
63:44 Castle
66:12 Castle
72:31 Farm
74:48 Lumber Mill
81:55 Arcane Vault
81:58 Arcane Vault
85:34 Arcane Vault
85:37 Arcane Vault
86:28 Arcane Vault
86:30 Arcane Vault
93:05 Altar of Kings
93:11 Arcane Vault
93:24 Keep
126:25 Scout Tower
126:26 Scout Tower
126:27 Scout Tower
126:27 Scout Tower
126:28 Scout Tower
126:28 Scout Tower
126:31 Scout Tower
126:32 Scout Tower
126:33 Scout Tower
126:35 Scout Tower
126:35 Scout Tower
126:57 Scout Tower
126:58 Scout Tower
127:00 Scout Tower
127:00 Scout Tower
127:01 Scout Tower
127:02 Scout Tower
127:03 Scout Tower
127:04 Scout Tower
127:07 Scout Tower
127:08 Scout Tower
127:09 Scout Tower
127:10 Scout Tower
127:12 Scout Tower
127:13 Scout Tower
127:45 Scout Tower
127:47 Scout Tower
127:48 Scout Tower
127:49 Scout Tower
127:51 Scout Tower
127:53 Scout Tower
127:54 Scout Tower
127:54 Scout Tower
127:56 Scout Tower
127:58 Scout Tower
128:00 Scout Tower
128:01 Scout Tower
128:02 Scout Tower
128:04 Scout Tower
128:04 Scout Tower
128:05 Scout Tower
128:06 Scout Tower
128:08 Scout Tower
128:10 Scout Tower
128:12 Scout Tower
128:13 Scout Tower
128:14 Scout Tower
128:30 Scout Tower
128:31 Scout Tower
128:32 Scout Tower
128:33 Scout Tower
128:34 Scout Tower
129:02 Scout Tower
129:03 Scout Tower
129:04 Scout Tower
129:05 Scout Tower
129:06 Scout Tower
129:07 Scout Tower
129:09 Scout Tower
129:09 Scout Tower
129:10 Scout Tower
129:11 Scout Tower
129:13 Scout Tower
129:13 Scout Tower
129:15 Scout Tower
129:17 Scout Tower
129:29 Guard Tower
129:38 Guard Tower
130:02 Scout Tower
130:03 Scout Tower
130:04 Scout Tower
130:07 Scout Tower
130:07 Scout Tower
130:09 Scout Tower
130:10 Scout Tower
130:11 Scout Tower
130:12 Scout Tower
130:13 Scout Tower
130:16 Scout Tower
130:16 Scout Tower
130:18 Scout Tower
130:20 Scout Tower
130:21 Scout Tower
130:25 Scout Tower
130:25 Scout Tower
130:27 Scout Tower
130:35 Scout Tower
130:37 Scout Tower
130:37 Scout Tower
130:39 Scout Tower
130:40 Scout Tower
130:40 Scout Tower
130:41 Scout Tower
131:08 Guard Tower
131:36 Guard Tower
132:31 Guard Tower
132:41 Guard Tower
132:41 Guard Tower
133:01 Guard Tower
133:54 Guard Tower
134:50 Scout Tower
134:54 Scout Tower
135:01 Guard Tower
135:13 Scout Tower
135:18 Guard Tower
135:28 Guard Tower
» items
| Scroll of Regeneration | 2 | |
| Potion of Healing | 4 | |
| Lesser Clarity Potion | 19 | |
| Scroll of Town Portal | 4 | |
| Potion of Invisibility | 1 | |
| Boots of Speed | 1 | |
| Staff of Teleportation | 1 | |
| Potion of Mana | 14 | |
| Mechanical Critter | 110 | |
156 total
Funeral_Hymn (
purple | 96 APM | 1099 actions | 11:25)
3 Keeper of the Grove
2 Entangling Roots
1 Force of Nature
2 Priestess of the Moon
1 Trueshot Aura
1 Searing Arrows
» actions
| Assign group hotkey | 121 | |
| Basic commands | 55 | |
| Build / train | 50 | |
| ESC pressed | 2 | |
| Enter build submenu | 18 | |
| Enter hero's abilities submenu | 5 | |
| Give item / drop item | 1 | |
| Right click | 372 | |
| Select / deselect | 167 | |
| Select group hotkey | 269 | |
| Use ability | 39 | |
1099 total
» units
| Wisp | 25 | |
| Archer | 1 | |
| Huntress | 3 | |
| Druid of the Talon | 4 | |
| Chimaera | 1 | |
34 total
» upgrades
| Strength of the Wild | 2 | |
| Druid of the Talon Training | 2 | |
| Well Spring | 1 | |
5 total
» buildings
| Altar of Elders | 1 | |
| Moon Well | 8 | |
| Ancient of War | 1 | |
| Hunter's Hall | 1 | |
| Tree of Ages | 1 | |
| Tree of Life | 1 | |
| Ancient of Wind | 2 | |
| Tree of Eternity | 1 | |
| Chimaera Roost | 4 | |
20 total
» build order
00:04 Altar of Elders
00:16 Moon Well
01:08 Ancient of War
01:28 Moon Well
02:09 Hunter's Hall
03:01 Moon Well
03:09 Tree of Ages
04:02 Moon Well
05:40 Tree of Life
06:10 Ancient of Wind
06:11 Ancient of Wind
06:49 Tree of Eternity
09:19 Chimaera Roost
09:20 Chimaera Roost
09:33 Moon Well
10:24 Moon Well
10:27 Chimaera Roost
10:47 Chimaera Roost
11:24 Moon Well
» items
0)Z (
pink | 83 APM | 1123 actions | 13:32)
3 Priestess of the Moon
2 Trueshot Aura
1 Searing Arrows
» actions
| Assign group hotkey | 20 | |
| Basic commands | 10 | |
| Build / train | 41 | |
| Enter build submenu | 10 | |
| Enter hero's abilities submenu | 3 | |
| Remove unit from queue | 3 | |
| Right click | 661 | |
| Select / deselect | 126 | |
| Select group hotkey | 229 | |
| Use ability | 18 | |
1123 total
» units
| Wisp | 11 | |
| Huntress | 13 | |
| Chimaera | 1 | |
25 total
» upgrades
| Strength of the Moon | 3 | |
| Moon Armor | 2 | |
| Upgrade Moon Glaive | 1 | |
6 total
» buildings
| Altar of Elders | 1 | |
| Moon Well | 6 | |
| Ancient of War | 2 | |
| Hunter's Hall | 1 | |
| Tree of Ages | 1 | |
| Tree of Eternity | 1 | |
12 total
» build order
00:06 Altar of Elders
00:17 Moon Well
01:37 Ancient of War
01:45 Hunter's Hall
01:58 Ancient of War
02:12 Moon Well
02:28 Moon Well
05:19 Moon Well
07:12 Tree of Ages
09:19 Moon Well
09:54 Tree of Eternity
11:00 Moon Well

»
huhuha (
orange | 35 APM | 625 actions | 17:51)
3 Blademaster
2 Wind Walk
1 Critical Strike
2 Shadow Hunter
1 Healing Wave
1 Hex
» actions
| Basic commands | 112 | |
| Build / train | 36 | |
| Enter build submenu | 13 | |
| Enter hero's abilities submenu | 5 | |
| Remove unit from queue | 2 | |
| Right click | 197 | |
| Select / deselect | 214 | |
| Use ability | 46 | |
625 total
» units
» upgrades
| Berserker Strength | 1 | |
| Ranged Weapons | 1 | |
2 total
» buildings
| Orc Burrow | 6 | |
| Altar of Storms | 1 | |
| Barracks | 2 | |
| Voodoo Lounge | 3 | |
| Stronghold | 1 | |
| War Mill | 1 | |
| Fortress | 1 | |
15 total
» build order
00:21 Orc Burrow
00:35 Altar of Storms
01:14 Barracks
01:43 Orc Burrow
02:06 Barracks
02:26 Orc Burrow
04:32 Voodoo Lounge
04:36 Orc Burrow
06:07 Voodoo Lounge
06:46 Stronghold
07:48 Orc Burrow
08:41 War Mill
10:42 Voodoo Lounge
10:45 Fortress
11:46 Orc Burrow
» items
| Healing Salve | 1 | |
| Scroll of Town Portal | 1 | |
| Orb of Lightning | 1 | |
3 total
Chat log
(00:24 / Allies) Dinaz: fiend garg wyrm
(00:29 / Allies) Shadow_HunterWR: k
(00:33 / Allies) Shadow_HunterWR: everyone else?
(00:37 / All) Funeral_Hymn: .
(00:40 / Allies) Shadow_HunterWR: teal is a fag
(00:49 / Allies) Shadow_HunterWR: wanna rush?
(00:53 / All) Funeral_Hymn: waiting for the game was long enough ;)
(01:03 / Allies) Shadow_HunterWR: I say we rush
(01:10 / Allies) Shadow_HunterWR: don't worry hes not coming back
(01:22 / Allies) MegaTbag: how u know
(01:33 / Allies) Shadow_HunterWR: cause he enjoys ruining games
(02:03 / Allies) Shadow_HunterWR: massing hunts
(02:24 / All) DiAbLo-JoiNt: HELLO
(02:30 / All) Shadow_HunterWR: hi
(02:42 / All) DiAbLo-JoiNt: NO RUSH I WAS AFK LOL
(02:48 / All) 418: ME TOO
(03:03 / Allies) Shadow_HunterWR: lets rush
(03:10 / Allies) 418: THAT WOULD BE RUDE
(03:57 / Allies) Shadow_HunterWR: going
(04:36 / All) DiAbLo-JoiNt: I SAID NO RUSH FAGGOT
(04:36 / Allies) MegaTbag: wood
(04:41 / All) DiAbLo-JoiNt: PLAY BY THE RULES
(04:48 / All) Shadow_HunterWR: I do
(04:54 / All) DiAbLo-JoiNt: IM STABBING YOU NEXT GAME RED
(04:55 / All) 418: DOESNT LOOK LIKE IT TO ME
(04:56 / All) DiAbLo-JoiNt: YOU WERE TOLD
(05:10 / All) Shadow_HunterWR: feel free
(05:56 / Allies) Shadow_HunterWR: inc on you guys
(06:06 / Allies) Shadow_HunterWR: going
(06:28 / Allies) MegaTbag: tower up a bit blue?
(06:56 / All) 418: WHY ARE YOU GUYS RUSHING
(07:05 / All) 418: ME & YELLOW WERE AFK
(07:06 / All) 418: THATS NOT AFIR
(07:08 / All) 418: FAIR*
(07:18 / All) 418: YOU GUYS ARE A BUNCH OF DICKS
(07:43 / Allies) Shadow_HunterWR: omw
(07:45 / Allies) MegaTbag: tower
(07:59 / Allies) MegaTbag: wood
(08:50 / Allies) 418: WAIT UP
(08:52 / Allies) 418: GET A TP
(10:21 / All) 418: BRB
(10:28 / All) DiAbLo-JoiNt: PLAY BY THE RULES
(10:40 / All) Shadow_HunterWR: stab him
(10:53 / All) 418: WHAT A DICK
(11:25 / All) 418: NOW YOUR INTERNET IS RAPED
(11:27 / All) 418: NIGGER DOWN
(11:36 / All) 418: LET THAT BE A LESSON TO ALL OF YOU
(12:15 / Allies) Shadow_HunterWR: need tp in a sec
(12:57 / Allies) MegaTbag: TP fast
(13:03 / Allies) 418: HELP LOL
(13:05 / Allies) MegaTbag: GO
(13:07 / Allies) MegaTbag: NOW
(13:50 / All) 418: NEXT TIME LET ME PAUSE TO GET A DRINK
(13:52 / All) 418: FUCKIN ASSHOLES
(14:52 / Allies) MegaTbag: go
(14:59 / Allies) Dinaz: spit hit
(15:49 / Allies) 418: WHY ARE YOU RUNNING FROM DEMOS
(15:54 / Allies) 418: YOU HAVE HIPPORIDER FOR CHRIST SAKE
(16:13 / Allies) Shadow_HunterWR: saving hero
(16:19 / All) MegaTbag: laggin out here
(16:21 / Allies) MegaTbag: we got em
(19:54 / Allies) Shadow_HunterWR: fun
(20:04 / All) MegaTbag: glad i went morts a long time ago
(20:32 / Allies) Shadow_HunterWR: break
(20:59 / Allies) Shadow_HunterWR: I'll use owl
(21:24 / Allies) 418: WHY NOT GET THAT FIRST
(23:03 / Allies) Shadow_HunterWR: b
(23:20 / Allies) MegaTbag: he has a huge army, be careful
(23:47 / Allies) Shadow_HunterWR: next
(24:32 / Allies) MegaTbag: BLUE COME QWUICK
(24:43 / Allies) Dinaz: b
(24:48 / Allies) Dinaz: tp out
(25:15 / Allies) Shadow_HunterWR: gold pls
(25:52 / Allies) Shadow_HunterWR: ty
(26:09 / Allies) Dinaz: err
(26:12 / Allies) Dinaz: hey
(26:16 / Allies) Dinaz: what are you doing
(26:20 / Allies) 418: MINE!
(26:40 / Allies) Shadow_HunterWR: gold pls
(26:45 / Allies) Dinaz: unbelievable
(27:15 / Allies) MegaTbag: b soon blue
(27:17 / Allies) MegaTbag: inc us
(27:22 / Allies) Shadow_HunterWR: I ghot sf
(27:28 / Allies) Shadow_HunterWR: with anti magic pot
(27:29 / Allies) Shadow_HunterWR: stay
(27:30 / Allies) MegaTbag: out
(27:31 / Allies) Dinaz: teal you have 3 mines
(27:37 / Allies) 418: AND I NEED MORE
(27:40 / Allies) Dinaz: and you kill my mine?
(27:42 / Allies) MegaTbag: lol
(27:53 / Allies) Shadow_HunterWR: green gold pls
(28:10 / Allies) Shadow_HunterWR: ty
(28:34 / All) DiAbLo-JoiNt: QUIT BEING A JEW
(28:38 / Allies) Dinaz: teal stop killing us
(28:42 / Allies) Shadow_HunterWR: kill his mainh
(28:44 / Allies) 418: MAKING IT MORE INTERESTING
(28:47 / Allies) Dinaz: its not amusing
(28:49 / Allies) Shadow_HunterWR: all go
(28:49 / Allies) Dinaz: just annoying
(28:50 / Allies) 418: I THINK SO
(29:06 / Allies) Shadow_HunterWR: b
(29:13 / Allies) Shadow_HunterWR: we'll need rgeen
(29:17 / Allies) Shadow_HunterWR: b
(29:23 / Allies) Shadow_HunterWR: go
(29:28 / Allies) MegaTbag: otw
(30:22 / Allies) Shadow_HunterWR: stay together
(31:23 / Allies) Shadow_HunterWR: green
(31:41 / Allies) Shadow_HunterWR: green
(31:42 / Allies) Shadow_HunterWR: pls
(31:51 / Allies) MegaTbag: trap red
(31:57 / Allies) Shadow_HunterWR: ahah
(32:15 / Allies) MegaTbag: teal is tkin us
(32:17 / Allies) MegaTbag: wtf
(32:20 / Allies) Shadow_HunterWR: I am aware
(32:32 / Allies) Shadow_HunterWR: wait
(32:34 / Allies) Shadow_HunterWR: for sf
(32:44 / Allies) Shadow_HunterWR: go
(33:22 / Allies) MegaTbag: can we take em?
(33:24 / All) DiAbLo-JoiNt: LEAVE NOW AND ILL SPARE YOU
(33:36 / Allies) Shadow_HunterWR: go
(33:48 / Allies) Shadow_HunterWR: draw him into sf
(34:29 / Allies) Shadow_HunterWR: well done
(35:08 / Allies) Dinaz: how amusing teal
(35:08 / All) MegaTbag: that was od
(35:19 / Allies) MegaTbag: hey why didnt we kill teal in the first place
(35:21 / All) DiAbLo-JoiNt: YOU WERE WARNED
(35:35 / Allies) Shadow_HunterWR: gwet the main
(36:10 / All) DiAbLo-JoiNt: FAGGOT
(36:21 / All) MegaTbag: fat nerd
(36:22 / Allies) Dinaz: teal are you going to quit at the end and give them win?
(36:25 / Allies) Dinaz: just curious
(36:31 / Allies) 418: HMM
(36:36 / Allies) 418: EH
(36:38 / Allies) 418: WE'LL SEE
(36:44 / All) MegaTbag: afk
(37:28 / Allies) Dinaz: you know what you are doing only works if your teammate takes out the other team for you
(37:36 / Allies) 418: OH IS THAT A FACT?
(38:04 / All) DiAbLo-JoiNt: THIS IS WHAT HAPPENS WHEN YOU DONT PLAY BY THE RULES
(38:10 / Allies) Dinaz: you weren't in this game for for 2~3min
(38:19 / Allies) Dinaz: what do you say to that
(40:12 / Allies) Dinaz: gogo match of the year
(40:26 / Allies) MegaTbag: next time we get em
(40:37 / Allies) MegaTbag: gotta learn somthing new here obviously eh
(40:49 / All) 418: WHEN YOU PLAY BY THE RULES, EVERYONE WINS
(40:54 / All) Shadow_HunterWR: just have a hero duel and let the winner take it
(40:59 / All) DiAbLo-JoiNt: NO
(41:04 / All) DiAbLo-JoiNt: PLAY BY THE RULES AND STFU
(41:23 / Allies) Dinaz: maybe they know each other heh
(41:31 / Allies) Shadow_HunterWR: of course they do
(41:31 / Allies) MegaTbag: their the same player
(41:39 / All) 418: HOW CAN WE BE THE SAME PLAYER?
(41:48 / All) 418: THAT WOULD BE FUCKING IMPRESSIVE IF I WAS MICROING FROM 2 COMPS
(41:51 / Allies) MegaTbag: buy ur hero blue
(42:04 / All) DiAbLo-JoiNt: NO IM MICROING THEM
(42:08 / All) DiAbLo-JoiNt: YOUR CHATTING
(42:35 / All) 418: APPARENTLY DEMOLISH DOESNT WORK ON ALLIES
(42:40 / All) 418: SO ROBO TINKER DOESNT RAPE BUILDINGS
(43:37 / All) 418: REMEMBER HOW WE WERE GOING TO RUSH?
(43:41 / All) 418: HOWD THAT TURN OUT
(43:41 / All) DiAbLo-JoiNt: HERRO PREASE
(44:31 / All) DiAbLo-JoiNt: YOU HAVE ENOUGH
(58:28 / All) DiAbLo-JoiNt: CLEAR CUTTING?
(58:33 / All) DiAbLo-JoiNt: K
(58:43 / All) DiAbLo-JoiNt: IM FLAME STRIKING THE SMALL GROUPS
(65:04 / All) DiAbLo-JoiNt: NIGGER DOWN
(67:37 / All) DiAbLo-JoiNt: STOP
(67:43 / All) DiAbLo-JoiNt: SHREDDERS
(67:51 / All) DiAbLo-JoiNt: NEED MORE LOL
(73:48 / All) DiAbLo-JoiNt: 66
(83:23 / All) Shadow_HunterWR: anyone actually here?
(83:27 / All) DiAbLo-JoiNt: HI
(83:32 / All) Shadow_HunterWR: sup
(83:39 / All) Shadow_HunterWR: teal sucks at clear cutting
(83:51 / All) DiAbLo-JoiNt: WHY'D YOU RUSH ME
(84:11 / All) Shadow_HunterWR: cause I am a rebel
(84:29 / All) DiAbLo-JoiNt: ENJOY THE LOSS LOL
(111:46 / All) 418: INTERESTING THAT HE CALLED IT CLEARCUTTING
(124:55 / All) DiAbLo-JoiNt: you like my critters?
(125:01 / All) DiAbLo-JoiNt: wasted 4k gold on those lol
(129:57 / All) DiAbLo-JoiNt: k
(883:21 / All) 418: THATS DEDICATION
(883:23 / All) 418: AFK LUNCH